[Event "Pia Cramling Ladies Open 2018"]
[Site "Stockholm"]
[Date "2018.09.02"]
[Round "5"]
[White "Mariano-Wågman, Christine Rose"]
[Black "Johansson, Viktoria"]
[Result "1/2-1/2"]
[ECO "B25"]
[WhiteElo "2084"]
[BlackElo "2106"]
[Annotator "NA RC"]
[PlyCount "97"]
[EventDate "2018.09.01"]
[EventType "swiss"]
[EventCountry "SWE"]
[SourceTitle "playchess.com"]
[Source "ChessBase"]
[SourceQuality "1"]
[TimeControl "1800+10"]

1. e4 c5 2. Nc3 Nc6 3. Nge2 g6 4. g3 Bg7 5. Bg2 {[%emt 0:00:04] LiveBook: 392 Games} d6 6. O-O e6 7. d3 Nge7 8. f4 O-O 9. h3 {[%emt 0:00:05] B25: Closed Sicilian: 3 g3, lines without early Be3} (9. Be3 Nd4 10. Qd2 Rb8 11. Nd1 b5 12. g4 f5 13. gxf5 exf5 14. c3 Nxe2+ 15. Qxe2 Qc7 16. Nf2 Re8 17. Nh3 h6 18. Qf2 Be6 19. e5 {½-½ (48) Rahls,P (2238)-Faibisovich,V (2312) Dresden 2018}) 9... Rb8 10. a4 a6 11. g4 f5 12. Ng3 Nd4 13. Nce2 b5 14. axb5 axb5 15. exf5 $146 ({Predecessor:} 15. c3 Nxe2+ 16. Qxe2 Qc7 17. Be3 Bb7 {1-0 (54) Colin,P (1830)-Bertin,C (1616) Troyes 2010}) 15... gxf5 ({Black should play} 15... Nxe2+ $11 16. Qxe2 exf5) 16. Nxd4 (16. c3 $5 Nxe2+ 17. Qxe2 $14) 16... Bxd4+ 17. Kh2 b4 18. Qe1 Kh8 19. c3 bxc3 20. bxc3 Bg7 21. Ra7 Bd7 22. Nh5 Rf7 23. Nxg7 Rxg7 24. g5 Nc8 25. Ra2 Qc7 {[%emt 0:00:45] [#]} (25... h6 $16) 26. c4 $1 Kg8 27. Bb2 Rg6 28. Qc3 e5 29. Bd5+ Kf8 30. h4 $2 (30. fxe5 $18 {has better winning chances.} dxe5 31. Qe1 e4+ 32. Kh1) 30... Ne7 31. h5 Rg7 32. fxe5 (32. Bg2 $16) 32... dxe5 (32... Nxd5 $11 {hält das Gleichgewicht.} 33. cxd5 dxe5) 33. Ra8 (33. Qe1 $1 $14 Rxb2+ 34. Rxb2 Rxg5 35. Qh4) 33... Rxa8 34. Bxa8 Rxg5 35. Qxe5 Rxh5+ 36. Kg1 Rg5+ 37. Kf2 Qxe5 38. Bxe5 Bc6 39. Bxc6 Nxc6 40. Bd6+ Kf7 $11 41. Bxc5 Ne5 42. Rd1 h5 43. Bd6 Ke6 44. c5 Kd5 45. d4 Nc6 46. Ke3 Rg4 47. Bf4 h4 48. Rb1 Rg7 49. Rb6 {[%emt 0:01:42] Kxc5 dxc5} 1/2-1/2

[Event "Pia Cramling Ladies Open 2018"]
[Site "Stockholm"]
[Date "2018.09.02"]
[Round "5"]
[White "Andersson, Christin"]
[Black "Puuska, Heini"]
[Result "1-0"]
[ECO "B13"]
[WhiteElo "2077"]
[BlackElo "1961"]
[Annotator "NA RC"]
[PlyCount "117"]
[EventDate "2018.09.01"]
[EventType "swiss"]
[EventCountry "SWE"]
[SourceTitle "playchess.com"]
[Source "ChessBase"]
[SourceQuality "1"]
[TimeControl "1800+10"]

1. e4 c6 2. d4 d5 3. exd5 cxd5 4. Nf3 Nf6 5. Bb5+ Nc6 {[%emt 0:01:04] B13: Caro-Kann: Exchange Variation and Panov-Botvinnik Attack} 6. Ne5 Bd7 7. Nxd7 Qxd7 {[%emt 0:01:21] LiveBook: 46 Games} 8. O-O (8. c3 e6 9. O-O Bd6 10. Nd2 O-O 11. Re1 a6 12. Bd3 e5 13. dxe5 Nxe5 {1-0 (52) Kramnik,V (2787)-Caruana,F (2811) Wijk aan Zee 2018}) 8... a6 9. Ba4 b5 10. Bb3 Na5 $146 ({Predecessor:} 10... e6 11. c3 Bd6 {½-½ (27) Szurovszky,E (2024)-Pap,A (1958) Hungary 2013}) 11. Bg5 Ne4 12. Bf4 e6 13. Nd2 Nxd2 14. Qxd2 Nc4 15. Bxc4 bxc4 16. Be5 Rg8 (16... f6 $11 17. Bg3 h5) 17. Rfe1 Bd6 18. f4 ({Lieber} 18. Rab1 $16) 18... Bxe5 (18... Be7 $11) 19. Rxe5 g6 $1 20. Rae1 Rb8 21. Qa5 (21. b3 $5 ) 21... Qb5 22. Rxd5 Qxa5 23. Rxa5 Rxb2 24. Rxa6 Kf8 (24... Ke7 $11) 25. Re2 Kg7 26. Kf2 Rgb8 27. Ra4 c3 28. Ra3 (28. Ke3 $16) 28... R8b4 (28... Rd8 $11) 29. Ke3 Rc4 30. Kd3 Rc7 (30... Rbb4 $14) 31. Re5 (31. Re1 $18) 31... Rb1 32. Rxc3 Ra7 33. a3 Rg1 34. Re2 Ra1 35. Rd2 h5 36. Rb3 Kf6 37. c4 Kf5 38. c5 Kxf4 39. c6 R1xa3 $2 (39... h4 40. Rc2 Rc7) 40. Rxa3 Rxa3+ 41. Kc4 Ke3 42. Rc2 Ra8 43. d5 exd5+ 44. Kxd5 Kd3 45. Rf2 Rd8+ 46. Kc5 f5 47. c7 Rc8 48. Kc6 Ke3 49. Ra2 g5 50. Kd7 (50. Ra5 $142 Ke4 51. Kd7) 50... Rg8 51. c8=Q Rxc8 52. Kxc8 h4 53. Kd7 g4 54. Ke6 f4 55. Kf5 g3 56. hxg3 hxg3 57. Kg4 Ke4 58. Ra4+ Ke3 59. Rxf4 1-0

[Event "Pia Cramling Ladies Open 2018"]
[Site "Stockholm"]
[Date "2018.09.02"]
[Round "5"]
[White "Tuominen, Tanja"]
[Black "Fransson, Pia"]
[Result "1-0"]
[ECO "B01"]
[WhiteElo "2076"]
[BlackElo "1549"]
[Annotator "NA RC"]
[PlyCount "79"]
[EventDate "2018.09.01"]
[EventType "swiss"]
[EventCountry "SWE"]
[SourceTitle "playchess.com"]
[Source "ChessBase"]
[SourceQuality "1"]
[TimeControl "1800+10"]

1. e4 d5 2. exd5 Qxd5 3. d4 Nf6 4. Nc3 Qd8 5. Nf3 {[%emt 0:00:41] LiveBook: 389 Games} Bg4 6. Be2 e6 7. O-O Be7 {[%emt 0:00:03] B01: Scandinavian Defence} (7... c6 8. h3 Bh5 9. a3 Bd6 10. Ne5 Bxe2 11. Qxe2 Nbd7 12. Bg5 Qc7 13. Rfe1 O-O 14. Nxd7 Nxd7 15. Ne4 {1-0 (47) Shkuran,D (2425)-Vovk,Y (2611) Lvov 2016}) 8. h3 Bh5 9. Bf4 O-O 10. Ne5 $146 ({Predecessor:} 10. Qd2 c6 11. Rad1 Nbd7 12. Ne5 Bxe2 13. Qxe2 Nd5 14. Nxd5 cxd5 15. Rd3 {1-0 (54) Timoshin,A (1852)-Petrov,D (2260) Tallinn 2018}) 10... Bxe2 11. Nxe2 Nbd7 12. Nf3 Nd5 13. Bg3 b5 14. Qd3 c6 15. a4 a6 16. Nf4 Nb4 17. Qb3 Nb6 18. axb5 cxb5 19. c3 N4d5 20. Ne5 Qc8 21. Nxd5 Nxd5 22. Ra2 f6 23. Nf3 Qc6 24. Rfa1 Rfc8 25. Nd2 Bd6 26. Bxd6 Qxd6 $14 27. Ra5 Rc6 28. Rxb5 Rb6 29. Rxb6 Nxb6 30. Ne4 Qd5 31. Qxd5 Nxd5 32. Nc5 Rb8 33. Ra2 a5 34. Nxe6 Kf7 35. Nc5 Nf4 36. Kf1 Ne6 37. Nxe6 Kxe6 38. Ke2 Kd5 39. Kd3 Rb3 40. Rxa5+ 1-0

[Event "Pia Cramling Ladies Open 2018"]
[Site "Stockholm"]
[Date "2018.09.02"]
[Round "5"]
[White "Fransson, Angelina"]
[Black "Bengtsson, Jessica"]
[Result "0-1"]
[ECO "C54"]
[WhiteElo "2004"]
[BlackElo "1986"]
[Annotator "NA RC"]
[PlyCount "62"]
[EventDate "2018.09.01"]
[EventType "swiss"]
[EventCountry "SWE"]
[SourceTitle "playchess.com"]
[Source "ChessBase"]
[SourceQuality "1"]
[TimeControl "1800+10"]

1. e4 e5 2. Nf3 Nc6 3. d4 exd4 4. Bc4 Bc5 5. c3 Nf6 6. e5 d5 7. Bb5 Ne4 8. Nxd4 (8. cxd4 $11 Be7 9. O-O) 8... Bd7 9. Bxc6 bxc6 10. O-O O-O 11. f3 {[%emt 0:01:31] C56: Two Knights: 4 d4 exd4 5 0-0 Nxe4} Ng5 {[%emt 0:00:34] LiveBook: 5 Games} 12. Be3 Ne6 (12... f6 $15 13. Bxg5 fxg5) 13. f4 Re8 (13... f5 14. Nd2 Bxd4 15. cxd4 c5 16. Nf3 Bb5 17. Rf2 c4 18. Ng5 Qe7 19. Nxe6 Qxe6 20. Bd2 {½-½ (58) Cvek,R (2506)-Balogh,C (2631) Slovakia 2018}) 14. Qe1 $146 ({Predecessor:} 14. Nd2 Bb6 15. Qf3 Nf8 16. Qf2 Ng6 17. b4 a5 18. N2b3 axb4 19. cxb4 Ra4 20. a3 Qa8 21. Qd2 Qa6 22. Rfc1 Ra8 23. Nc5 Bxc5 24. Rxc5 Rxa3 {½-½ (24) Van Leeuwen,E (2484)-Jansen,J (2427) ICCF email 2013}) 14... Rb8 (14... Bxd4 $5 15. cxd4 c5 $15) 15. Nd2 Bxd4 16. cxd4 c5 17. dxc5 d4 18. f5 dxe3 19. fxe6 Bxe6 20. Qxe3 Rxb2 21. Rad1 Qa8 22. Qg3 Rxa2 23. Nf3 Bd5 24. Rd4 Qc6 25. Rc1 h6 26. Rg4 g6 27. Nd4 Qd7 28. c6 Qe7 29. Re1 Rxg2+ 30. Qxg2 Bxg2 31. Rxg2 Qc5 $19 0-1

[Event "Pia Cramling Ladies Open 2018"]
[Site "Stockholm"]
[Date "2018.09.02"]
[Round "5"]
[White "Berg, Maria"]
[Black "Truskavetska, Solomia"]
[Result "1-0"]
[ECO "B01"]
[WhiteElo "1722"]
[BlackElo "1081"]
[Annotator "NA RC"]
[PlyCount "139"]
[EventDate "2018.09.01"]
[EventType "swiss"]
[EventCountry "SWE"]
[SourceTitle "playchess.com"]
[Source "ChessBase"]
[SourceQuality "1"]
[TimeControl "1800+10"]

1. e4 d5 2. exd5 Nf6 3. Nc3 Nxd5 4. Bc4 Nb6 5. Bb3 e5 6. Nge2 Nc6 7. O-O Bd6 8. d3 O-O 9. Be3 a5 10. Ne4 a4 11. Bc4 Nxc4 12. dxc4 Be7 13. c3 f5 14. Qc2 fxe4 15. Rad1 Qe8 16. Qxe4 Qg6 17. Qd5+ Be6 18. Qb5 Bc8 19. c5 Ra5 20. Qd3 Qxd3 21. Rxd3 Bxc5 22. b4 axb3 23. axb3 Bxe3 24. Rxe3 g6 25. Re1 Bf5 26. Ng3 Bc2 27. b4 Ra2 28. b5 Na7 29. Rxe5 Bd3 30. Nh1 Nxb5 31. Rd5 Rd2 32. f3 Rf5 33. Rd8+ Kg7 34. Ng3 Rf8 35. Rd5 Nxc3 36. Rd4 c5 37. Rd7+ Rf7 38. Rd8 c4 39. Ree8 b5 40. Rg8+ Kh6 41. Rd4 g5 42. Rd6+ Bg6 43. Rxd2 b4 44. Rb8 Re7 45. Rxb4 Rc7 46. Rd4 Bd3 47. Rd6+ Kg7 48. Kf2 Re7 49. Rc6 h6 50. Rbxc4 Bxc4 51. Nf5+ Kf7 52. Nxe7 Kxe7 53. Rxc4 Nd1+ 54. Ke2 Nb2 55. Rc2 Na4 56. Ke3 h5 57. Rc6 Kf7 58. Ke4 Nb2 59. Kf5 Nd1 60. Kxg5 Ne3 61. g4 hxg4 62. fxg4 Nd5 63. h4 Kg7 64. h5 Kg8 65. Rd6 Ne7 66. Kf6 Kh7 67. Kxe7 Kg7 68. g5 Kh7 69. Kf7 Kh8 70. Rh6# 1-0

[Event "Pia Cramling Ladies Open 2018"]
[Site "Stockholm"]
[Date "2018.09.02"]
[Round "5"]
[White "Olsson, Linn"]
[Black "Mirabdulla, Zulfiya"]
[Result "1-0"]
[ECO "D24"]
[WhiteElo "1703"]
[BlackElo "1350"]
[Annotator "NA RC"]
[PlyCount "46"]
[EventDate "2018.09.01"]
[EventType "swiss"]
[EventCountry "SWE"]
[SourceTitle "playchess.com"]
[Source "ChessBase"]
[SourceQuality "1"]
[TimeControl "1800+10"]

1. d4 d5 2. c4 dxc4 3. Nc3 Nf6 4. Nf3 e6 5. Bg5 Be7 6. e3 b6 7. Bxc4 Bb7 8. O-O O-O 9. Rc1 Nc6 10. a3 a6 11. Bd3 Re8 12. Re1 Qd6 13. Bf4 Qd7 14. h3 Nh5 15. Bh2 Bd6 16. Ne5 Bxe5 17. dxe5 g6 18. Ne4 Qd5 19. g4 f5 20. gxh5 fxe4 21. Be2 Nxe5 22. Qxd5 exd5 23. Rxc7 Bc8 1-0

[Event "Pia Cramling Ladies Open 2018"]
[Site "Stockholm"]
[Date "2018.09.02"]
[Round "5"]
[White "Hellmer, Helena"]
[Black "Berg Laachiri, Susanna"]
[Result "0-1"]
[ECO "A06"]
[WhiteElo "1436"]
[BlackElo "1903"]
[Annotator "NA RC"]
[PlyCount "84"]
[EventDate "2018.09.01"]
[EventType "swiss"]
[EventCountry "SWE"]
[SourceTitle "playchess.com"]
[Source "ChessBase"]
[SourceQuality "1"]
[TimeControl "1800+10"]

1. Nf3 d5 2. g3 Nf6 3. d3 Nc6 4. Bg2 e5 5. Nbd2 Be7 6. O-O O-O {[%emt 0:01:03] LiveBook: 48 Games} 7. Re1 {[%emt 0:00:27] A07: Réti Opening: New York and Capablanca Systems} (7. e4 Re8 8. Re1 Bf8 9. exd5 Nxd5 10. Nc4 f6 11. Bd2 Bg4 12. h3 Bh5 13. a3 a5 14. a4 Ndb4 15. Bc3 Bc5 {0-1 (49) Kurnosov,I (2657)-Vitiugov,N (2734) Khanty-Mansiysk 2013}) 7... e4 8. Ng5 {[%emt 0:02:31] [#]} (8. dxe4 $15 dxe4 9. Ng5) 8... e3 $1 9. Ndf3 $146 ({Predecessor:} 9. fxe3 Ng4 10. Ndf3 Bxg5 {0-1 (10) Giannoni,S-Garau,B (2299) ICCF email 2014}) 9... Ng4 (9... exf2+ $19 10. Kxf2 h6) 10. Nh3 {[%emt 0:00:53] [#]} exf2+ (10... Bc5 $1 $17 11. d4 exf2+ 12. Nxf2 {[#]} Nxd4 $1 13. Nxd4 Nxf2 14. Kxf2 Qf6+ 15. Kg1 Qxd4+ 16. Qxd4 Bxd4+ 17. e3 Bb6 18. Bxd5 c6) 11. Nxf2 Nxf2 12. Kxf2 Be6 13. d4 Bf6 14. c3 Qd7 15. Bf4 Bf5 16. Ne5 Bxe5 17. Bxe5 Nxe5 18. dxe5 c6 19. e4 Bg4 20. Bf3 Bxf3 21. Qxf3 dxe4 22. Rxe4 Rad8 23. Rd4 Qh3 24. Kg1 Qe6 25. Re1 (25. Qd3 $11 {keeps the balance.} Rxd4 26. Qxd4) 25... Rxd4 26. cxd4 Qxa2 27. Re2 Qc4 28. Qf2 a5 29. Rc2 Qe6 30. Qd2 h6 (30... Qd7 $19 {ist viel giftiger.} 31. Qf2 Rd8) 31. Qxa5 Qf5 32. Qd2 Rd8 33. Rc5 Qe4 34. Ra5 Rxd4 35. Ra8+ $19 Kh7 36. Qc1 Rc4 37. Qf1 Rc2 38. Ra3 Qd4+ 39. Kh1 Rf2 40. Qb1+ g6 41. b4 Qd5+ 42. Kg1 Qg2# 0-1

[Event "Pia Cramling Ladies Open 2018"]
[Site "Stockholm"]
[Date "2018.09.02"]
[Round "5"]
[White "Ostensson, Julia"]
[Black "Ristoja, Aulikki"]
[Result "1-0"]
[ECO "B01"]
[WhiteElo "1375"]
[BlackElo "1530"]
[Annotator "NA RC"]
[PlyCount "125"]
[EventDate "2018.09.01"]
[EventType "swiss"]
[EventCountry "SWE"]
[SourceTitle "playchess.com"]
[Source "ChessBase"]
[SourceQuality "1"]
[TimeControl "1800+10"]

1. e4 d5 2. exd5 Qxd5 3. Nc3 Qa5 4. d4 Nf6 5. Nf3 Bg4 6. Be2 c6 7. Bd2 Bxf3 8. Bxf3 Qb6 9. Bf4 Qxb2 10. Ne2 Qb4+ 11. Bd2 Qd6 12. Rb1 Qd7 13. Bg5 e6 14. Bxf6 gxf6 15. Qd2 Qc7 16. O-O Nd7 17. Rb3 Bd6 18. h3 h5 19. Rfb1 b6 20. Qe3 Rc8 21. Rc3 c5 22. d5 e5 23. Qe4 Qd8 24. Ng3 h4 25. Nf5 Bf8 26. Rc4 a6 27. Ra4 a5 28. c4 Rb8 29. Be2 Rb7 30. Ra3 Qb8 31. Rab3 a4 32. R3b2 Qc7 33. Bf3 Nb8 34. a3 Na6 35. Qe3 Be7 36. Rd1 Rb8 37. d6 Bxd6 38. Rxd6 Rd8 39. Rbxb6 Nb8 40. Rxd8+ Qxd8 41. Rd6 Qa5 42. Qd2 Qxd2 43. Rxd2 Nd7 44. Bc6 Rh5 45. Bxd7+ Kf8 46. Kh2 Rg5 47. g3 hxg3+ 48. fxg3 Rxf5 49. Bxf5 Kg7 50. Rd5 Kh6 51. Rxc5 Kg5 52. Bc2 f5 53. Rxe5 f6 54. Re1 f4 55. c5 fxg3+ 56. Kxg3 f5 57. c6 f4+ 58. Kf3 Kh4 59. c7 Kh5 60. Re5+ Kh6 61. c8=Q Kg7 62. Qc7+ Kf8 63. Rb5 1-0

[Event "Pia Cramling Ladies Open 2018"]
[Site "Stockholm"]
[Date "2018.09.02"]
[Round "6"]
[White "Agrest, Inna"]
[Black "Reizniece-Ozola, Dana"]
[Result "1/2-1/2"]
[ECO "B00"]
[WhiteElo "2283"]
[BlackElo "2304"]
[Annotator "NA"]
[PlyCount "71"]
[EventDate "2018.09.01"]
[EventType "swiss"]
[EventCountry "SWE"]
[SourceTitle "playchess.com"]
[Source "ChessBase"]
[SourceQuality "1"]
[TimeControl "1800+10"]

1. e4 d6 2. d4 g6 3. Nf3 Bg7 4. Bd3 Nf6 5. O-O O-O 6. Re1 c5 7. c3 Qc7 8. h3 e5 {[%emt 0:01:39] B07: Pirc Defence: Miscellaneous Systems} (8... b6 9. e5 Nfd7 10. exd6 exd6 11. Na3 d5 12. Nb5 Qc6 13. dxc5 bxc5 14. c4 dxc4 15. Be4 Qxb5 16. Bxa8 {0-1 (39) Iordachescu,V (2588)-Donchenko,A (2570) Montpellier 2015}) 9. Na3 a6 10. dxe5 dxe5 11. Nc4 Nc6 $146 ({Predecessor:} 11... Nbd7 12. a4 b6 13. Bg5 Bb7 14. Bxf6 Bxf6 15. Ne3 Bg7 16. Qc2 Nf6 17. a5 {0-1 (67) Guadamuro Torrente,A (2215)-Guramishvili,S (2403) Benidorm 2012}) 12. a4 Be6 13. Ne3 Rfd8 14. Qe2 Na5 15. Ng5 Nh5 (15... Bb3 $11) 16. Nxe6 fxe6 17. Bc2 Nf4 18. Qf1 c4 19. g3 Nd3 20. Rd1 Nxc1 21. Raxc1 Bh6 22. Qe2 b5 23. Rxd8+ Rxd8 24. Rd1 Bxe3 25. Qxe3 Rxd1+ 26. Bxd1 Qd6 27. Bg4 Nb3 28. Qa7 Nd2 29. axb5 axb5 30. Be2 Qc6 {[%emt 0:01:13] [#]} 31. Qb8+ ({Better is} 31. Qe7 $1 $16 Nb3 32. Bg4) 31... Kf7 32. Qxe5 Qxe4 33. Qc7+ Ke8 34. Qc8+ Ke7 35. Qc7+ $11 Ke8 36. Qc8+ 1/2-1/2

[Event "Pia Cramling Ladies Open 2018"]
[Site "Stockholm"]
[Date "2018.09.02"]
[Round "6"]
[White "Bengtsson, Siv"]
[Black "Andersson, Christin"]
[Result "0-1"]
[ECO "C77"]
[WhiteElo "2111"]
[BlackElo "2077"]
[Annotator "NA"]
[PlyCount "54"]
[EventDate "2018.09.01"]
[EventType "swiss"]
[EventCountry "SWE"]
[SourceTitle "playchess.com"]
[Source "ChessBase"]
[SourceQuality "1"]
[TimeControl "1800+10"]

1. e4 e5 2. Nf3 Nc6 3. Bb5 a6 4. Ba4 Nf6 5. d3 d6 {[%emt 0:00:21] LiveBook: 1832 Games} 6. c3 Be7 7. O-O Bg4 8. Nbd2 O-O 9. h3 Bh5 10. Re1 Nd7 11. Nf1 {[%emt 0:03:29] C87: Closed Ruy Lopez: Steinitz-type lines after 6 Re1 d6} (11. Bc2 Nb6 12. Nf1 d5 13. Ng3 Bg6 14. Qe2 Re8 15. Be3 Qd6 16. Bxb6 cxb6 17. h4 h6 18. Bb3 d4 19. cxd4 Nxd4 20. Nxd4 Qxd4 {1-0 (45) So,W (2786)-Onischuk,A (2672) Saint Louis 2018}) 11... Bh4 12. Ng3 Bxg3 13. fxg3 Nc5 $146 ({Predecessor:} 13... f5 14. Bb3+ Bf7 15. Bxf7+ Rxf7 16. Ng5 Re7 17. Qb3+ Kh8 18. Nf7+ Rxf7 19. Qxf7 fxe4 20. Rxe4 {1-0 (49) Povill Batlle,R (1846)-Gonzalez Muelas,J (1804) Barcelona 2013}) 14. Bc2 d5 15. Be3 d4 (15... Bxf3 $5 16. gxf3 d4 $11) 16. Bf2 (16. g4 $11) 16... Ne6 (16... Bxf3 $11 {hält das Gleichgewicht.} 17. gxf3 Qd6) 17. g4 Bg6 18. Nh4 Nf4 19. Nxg6 fxg6 20. Qd2 Qg5 21. Rad1 Rad8 22. Kh2 h5 23. g3 hxg4 24. gxf4 Qh5 $15 (24... exf4 $19 25. Bxd4 Nxd4 26. cxd4 g3+ 27. Kg1 Qh4 28. Bb3+ Kh7) 25. h4 exf4 26. Rg1 Ne5 27. Qe2 g3+ 0-1

[Event "Pia Cramling Ladies Open 2018"]
[Site "Stockholm"]
[Date "2018.09.02"]
[Round "6"]
[White "Cramling Bellon, Anna"]
[Black "Fransson, Angelina"]
[Result "1-0"]
[ECO "E71"]
[WhiteElo "2009"]
[BlackElo "2004"]
[Annotator "NA"]
[PlyCount "85"]
[EventDate "2018.09.01"]
[EventType "swiss"]
[EventCountry "SWE"]
[SourceTitle "playchess.com"]
[Source "ChessBase"]
[SourceQuality "1"]
[TimeControl "1800+10"]

1. d4 Nf6 2. c4 g6 3. Nc3 Bg7 4. e4 d6 5. h3 c5 6. Nf3 cxd4 7. Nxd4 O-O 8. Be2 Nc6 9. Be3 Bd7 {[%emt 0:02:31] LiveBook: 19 Games} 10. O-O Re8 {[%emt 0:01:01] B38: Sicilian: Maroczy Bind with 5...Bg7 and 7...0-0} 11. Re1 a6 $146 ({Predecessor:} 11... Nxd4 12. Bxd4 Bc6 13. Bd3 a5 14. Rc1 Nd7 15. Bxg7 Kxg7 16. Nd5 Nc5 17. Re3 e6 {1-0 (33) Bistric,F (2486)-Velimirovic,D (2487) Subotica 2002}) 12. Bf1 Rc8 13. Nxc6 Bxc6 14. Qb3 e6 15. Rad1 Qe7 16. Bf4 Red8 17. Qa3 Bf8 18. Bg5 h6 19. Bh4 g5 20. Bg3 Nh5 21. Bh2 (21. Nd5 $5 Bxd5 22. exd5 $14) 21... Nf4 22. Bxf4 gxf4 23. Ne2 e5 24. Nc3 Qg5 25. Nd5 Re8 26. Be2 Rcd8 27. Bg4 h5 28. Bf5 Bd7 29. Bxd7 $16 Rxd7 30. g3 Re6 31. Kh2 Rg6 32. Rg1 fxg3+ 33. Rxg3 Qh6 34. Nf6+ Kg7 35. Nxd7 Qf4 36. Qe3 Be7 37. Qxf4 exf4 38. Rxg6+ fxg6 39. Nb6 g5 40. Nd5 Bf8 41. h4 gxh4 42. Nxf4 Kf6 43. Rd5 1-0

[Event "Pia Cramling Ladies Open 2018"]
[Site "Stockholm"]
[Date "2018.09.02"]
[Round "6"]
[White "Bengtsson, Jessica"]
[Black "Johansson, Viktoria"]
[Result "1-0"]
[ECO "B22"]
[WhiteElo "1986"]
[BlackElo "2106"]
[Annotator "NA"]
[PlyCount "73"]
[EventDate "2018.09.01"]
[EventType "swiss"]
[EventCountry "SWE"]
[SourceTitle "playchess.com"]
[Source "ChessBase"]
[SourceQuality "1"]
[TimeControl "1800+10"]

1. e4 c5 2. c3 Nf6 3. e5 Nd5 4. d4 cxd4 5. Nf3 Nc6 6. cxd4 d6 7. Bc4 e6 8. O-O Be7 9. Bd2 {[%emt 0:00:18] B22: Sicilian: 2 c3} (9. Qe2 O-O 10. a3 Bd7 11. exd6 Bxd6 12. Nc3 Nce7 13. Ne4 Bc6 14. Ne5 Rc8 15. Rd1 Bb8 16. Ng5 Be8 17. Bd3 Nf6 18. Ngf3 Ned5 19. Bd2 a6 20. Rac1 Rxc1 21. Rxc1 Qb6 22. Nc4 Qd8 23. Nce5 Qb6 24. Nc4 Qd8 {½-½ (24) Vachier Lagrave,M (2789)-Caruana,F (2816) Leuven 2018}) 9... O-O {[%emt 0:00:49] LiveBook: 120 Games} 10. Nc3 Nb6 11. Bb3 Bd7 12. Qe2 dxe5 13. dxe5 Nb4 14. Rad1 $146 ({Predecessor:} 14. a3 N4d5 15. Nxd5 Nxd5 16. Bxd5 exd5 17. Nd4 Qb6 18. Be3 Qg6 19. f4 {½-½ (109) Novikov,V (2314)-Neiksans,A (2458) Panevezys 2009}) 14... Qc8 15. Bg5 Bxg5 16. Nxg5 h6 17. Qe4 hxg5 18. Qxb4 Qc7 19. Rfe1 (19. Qe7 $16) 19... Bc6 20. Qg4 Qe7 21. Rd3 Rad8 22. Rh3 g6 23. Rh6 Kg7 24. Qh3 Rh8 25. Rxh8 Rxh8 26. Qe3 Rh4 27. Rd1 Qb4 28. Qxg5 Rg4 29. Qf6+ Kh6 30. Qh8+ Kg5 31. Qf6+ Kh6 32. Rd8 Rxg2+ 33. Kf1 Bb5+ 34. Nxb5 Qxb5+ 35. Kxg2 Qc6+ 36. Kg3 Nd7 37. Rh8# {Nb6} 1-0

[Event "Pia Cramling Ladies Open 2018"]
[Site "Stockholm"]
[Date "2018.09.02"]
[Round "6"]
[White "Puuska, Heini"]
[Black "Lindberg, Cajsa"]
[Result "1-0"]
[ECO "D00"]
[WhiteElo "1961"]
[BlackElo "1625"]
[Annotator "NA"]
[PlyCount "83"]
[EventDate "2018.09.01"]
[EventType "swiss"]
[EventCountry "SWE"]
[SourceTitle "playchess.com"]
[Source "ChessBase"]
[SourceQuality "1"]
[TimeControl "1800+10"]

1. d4 d5 2. Bg5 Nf6 3. Bxf6 exf6 4. e3 Bd6 5. g3 O-O {[%emt 0:00:28] D00: 1 d4 d5: Unusual lines} 6. Bg2 c6 7. Ne2 (7. Nd2 Be6 8. Ne2 Nd7 9. O-O f5 10. Rc1 Nf6 11. c4 dxc4 12. Nxc4 Bd5 13. Bxd5 Nxd5 {½-½ (22) Safarli,E (2657)-Iturrizaga Bonelli,E (2641) Berlin 2015}) 7... Nd7 8. O-O f5 9. b3 Nf6 {[%emt 0:00:52] LiveBook: 12 Games} 10. c4 Rb8 $146 ({Predecessor:} 10... dxc4 11. bxc4 Be6 12. Qb3 b5 {1-0 (38) Danielian,E (2413)-Karavade,E (2384) Riadh 2017}) 11. Nbc3 Be6 12. cxd5 Nxd5 13. Nxd5 Bxd5 14. Bxd5 cxd5 15. Qd3 g6 16. Qb5 Bc7 17. Nc3 a6 18. Qxd5 Qf6 19. Rac1 Rfd8 20. Qf3 Qd6 21. Rc2 Ba5 22. Na4 Bb4 23. Nc5 Qe7 24. Nd3 Bd6 25. Rc4 Bc7 26. Rfc1 Bb6 (26... Bd6 $16 {might work better.} 27. h4 h5) 27. Nf4 Qd6 28. h4 h5 29. Nd3 Re8 $18 30. Nc5 Qe7 31. R1c2 Red8 32. Na4 Ba5 33. Rc5 b5 34. Nb2 Bb6 35. Rc6 Qa3 36. Nd3 a5 37. Nf4 Qe7 38. Nd5 Rxd5 39. Qxd5 a4 40. Rc8+ Rxc8 41. Rxc8+ Kg7 42. Qxb5 1-0

[Event "Pia Cramling Ladies Open 2018"]
[Site "Stockholm"]
[Date "2018.09.02"]
[Round "6"]
[White "Berg Laachiri, Susanna"]
[Black "Ostensson, Julia"]
[Result "1-0"]
[ECO "C47"]
[WhiteElo "1903"]
[BlackElo "1375"]
[Annotator "NA"]
[PlyCount "65"]
[EventDate "2018.09.01"]
[EventType "swiss"]
[EventCountry "SWE"]
[SourceTitle "playchess.com"]
[Source "ChessBase"]
[SourceQuality "1"]
[TimeControl "1800+10"]

1. e4 e5 2. Nf3 Nc6 3. Nc3 Nf6 4. d4 exd4 5. Nxd4 d6 6. Bb5 Bd7 7. O-O Be7 {[%emt 0:00:50] LiveBook: 243 Games} 8. Re1 Ne5 {[%emt 0:02:55] C66: Ruy Lopez: Steinitz Defence} (8... O-O $11 9. Bxc6 bxc6 10. Bf4 c5 11. Nb3 Bg4 12. Qd3 Nh5 13. Be3 Re8 14. Na5 Bf8 15. Nd5 Bd7 16. Nc3 h6 17. Rad1 Qc8 18. f4 {½-½ (46) Dzhumaev,M (2557)-Mirzoev,A (2557) Tashkent 2013}) 9. Bxd7+ Nfxd7 10. Nf5 Bf6 11. Nd5 O-O 12. Re3 $146 ({Predecessor:} 12. f4 Ng6 13. Qh5 c6 14. Nxf6+ Nxf6 15. Qf3 d5 16. e5 {1-0 (37) Rua,N-Lopez,E Pensilvania 1998}) 12... Re8 13. Rg3 Ng6 14. Qe2 (14. h4 $14) 14... Be5 15. Rh3 Nf6 16. Nxf6+ Qxf6 17. Qh5 h6 18. Rf3 Qe6 19. c3 Ne7 20. Ne3 Qg6 21. Qxg6 Nxg6 22. Nd5 Rac8 23. Be3 c6 24. Nb4 a5 25. Nc2 Bf6 26. Rd1 Rcd8 27. Bb6 Rd7 28. Bxa5 Rxe4 29. Bb4 d5 30. Bc5 Re2 31. Rc1 Rd8 32. Kf1 $15 Rde8 33. Be3 1-0